 Dungeon Crawl Stone Soup version 0.18.1-6-gd335043 (webtiles) character file.

21415 Gingerlord the Agent of Entropy (level 13, -1/105 HPs)
             Began as a Formicid Abyssal Knight on May 17, 2016.
             Was a Priest of Lugonu.
             Succumbed to a water moccasin's poison
             ... on level 4 of the Lair of Beasts.
             The game lasted 00:53:52 (26941 turns).

Gingerlord the Agent of Entropy (FoAK)             Turns: 26941, Time: 00:53:54

Health: -1/105     AC: 18    Str: 21      XL:     13   Next: 19%
Magic:  15/21      EV: 13    Int: 15 (16) God:    Lugonu [***...]
Gold:   533        SH: 10    Dex: 10 (12) Spells: 0 memorised, 12 levels left

rFire  + . .     SeeInvis +     y - +0 long sword (flame)
rCold  + . .     Gourm    .     j - +0 chain mail
rNeg   . . .     Faith    +     H - +0 shield (curse)
rPois  +         Spirit   .     (helmet unavailable)
rElec  +         Dismiss  .     n - +1 cloak
rCorr  +         Reflect  .     t - +3 pair of gloves of Satisfaction {rElec rCorr Int+4}
SustAt .         Harm     .     (no boots)
MR     +....                    x - amulet of faith
Stlth  ..........               E - +3 ring of evasion
                                i - +3 ring of strength

@: lethally poisoned (-1 -> -14), resistant, somewhat resistant to hostile
enchantments, extremely unstealthy
A: permanent stasis, dig shafts and tunnels, four strong arms, antennae 3,
clumsy 1
a: Dig, Shaft Self, Depart the Abyss, Bend Space, Banish, Renounce Religion


You were on level 4 of the Lair of Beasts.
You worshipped Lugonu.
Lugonu was most pleased with you.
You were not hungry.

You visited 2 branches of the dungeon, and saw 15 of its levels.
You visited the Abyss 2 times.

You collected 833 gold pieces.
You spent 300 gold pieces at shops.

Inventory:

Hand Weapons
 y - a +0 long sword of flaming (weapon)
Armour
 j - a +0 chain mail (worn)
 n - a +1 cloak (worn)
 t - the +3 pair of gloves of Satisfaction (worn) {rElec rCorr Int+4}
   (You found it on level 1 of the Lair of Beasts)

   It affects your intelligence (+4).
   It insulates you from electricity.
   It protects you from acid and corrosion.
 H - a cursed +0 shield (worn)
Jewellery
 i - a +3 ring of strength (left hand)
 l - an uncursed ring of protection from cold
 x - an amulet of faith (around neck)
 D - an uncursed ring of resist corrosion
 E - a +3 ring of evasion (right hand)
 F - an uncursed amulet of rage {unknown}
Wands
 a - a wand of digging (11/24)
 o - a wand of digging (10/24)
Scrolls
 b - 4 scrolls of remove curse
 d - 3 scrolls of enchant armour
 e - a scroll of immolation
 m - 5 scrolls of recharging
 q - 2 scrolls of enchant weapon
 v - a scroll of identify
 A - a scroll of magic mapping
Potions
 c - 2 potions of flight
 h - 2 potions of cancellation
 p - a potion of resistance
Comestibles
 f - 4 meat rations
 g - 6 bread rations
 u - 2 slices of pizza
 J - 5 fruits


   Skills:
 + Level 10.8 Fighting
 + Level 9.8 Long Blades
 + Level 10.0 Armour
 + Level 8.8 Dodging
 * Level 5.0 Shields
 + Level 11.0 Invocations


You had 12 spell levels left.
You didn't know any spells.

Dungeon Overview and Level Annotations

Branches:
Dungeon (11/15)            Temple (0/1) D:6            Lair (4/8) D:11
    Orc (0/2) D:10
  Swamp: Lair:3-6    Shoals: Lair:3-6     Snake: Lair:3-6    Spider: Lair:3-6

Altars:
Cheibriados
Dithmenos
Makhleb
Nemelex Xobeh
Pakellas
Qazlal
Sif Muna
Trog
Zin

Shops:
D:11 ?

Annotations:
Abyss:1 Fannar


Innate Abilities, Weirdness & Mutations

You are under a permanent stasis effect.
You can dig through walls and to a lower floor.
Your four strong arms can wield two-handed weapons with a shield.
You have a pair of large antennae on your head (SInv).
You are clumsy. (Dex -2)


Message History

* * * LOW HITPOINT WARNING * * *
You feel very sick.
Unknown command.
* * * LOW HITPOINT WARNING * * *
You feel very sick.
Found an escape hatch in the floor.
* * * LOW HITPOINT WARNING * * *
You feel sick.
* * * LOW HITPOINT WARNING * * *
You feel sick.
* * * LOW HITPOINT WARNING * * *
You feel sick.
* * * LOW HITPOINT WARNING * * *
You feel sick.
There is a stone staircase leading up here.
* * * LOW HITPOINT WARNING * * *
You feel sick.
* * * LOW HITPOINT WARNING * * *
You feel sick.
You die...

..##+?#..# ...{
##......###
....##†........###
#.....##.#....#
#..#§.....#..#..
#. ##............
#...♣...♣...#.
#.....<.....#
#...♣.@.♣...#
##..........#
#.#.%..#..#..
.....##.#....#
...... .. .###
P.##.. ..#.# . ...
.## ... ..


There were no monsters in sight!

Vanquished Creatures
  The ghost of Bolverk the Cleaver, a novice HOGl of Makhleb (D:6)
  Pikel (D:6)
  3 elephants (Lair:3)
  Joseph (D:10)
  Psyche (D:10)
  The ghost of Wolfechu the Cutter, a novice KoMo (D:4)
  A troll (D:11)
  A polar bear (Lair:3)
  A two-headed ogre (D:9)
  9 blink frogs
  19 yaks
  A spriggan (D:10)
  2 hippogriffs
  Menkaure (D:7)
  A swamp worm (D:11)
  A soldier ant (D:11)
  5 water moccasins
  Duvessa (D:7)
  6 porcupines
  An ice beast (D:6)
  3 black bears
  2 wasps
  An eye of draining (D:11)
  2 sky beasts (D:5)
  The ghost of rchandra the Caller, an amateur OgSu (D:3)
  4 phantoms
  3 ogres
  4 scorpions
  6 centaurs
  A necrophage (D:7)
  14 wolves
  A crocodile (Lair:1)
  A big kobold (D:7)
  8 giant frogs
  A wyvern zombie (D:9)
  Dowan (D:7)
  11 killer bees
  3 wights (D:10)
  5 howler monkeys
  7 crimson imps
  A giant frog zombie (D:7)
  8 orc wizards
  9 hounds
  11 orc priests
  2 jellies (D:9)
  6 iguanas
  12 worker ants
  2 sheep (Lair:4)
  A hound skeleton (D:6)
  16 gnolls
  13 adders
  29 river rats
  2 shadow imps
  3 oozes
  3 adder skeletons
  An adder zombie (D:6)
  13 worms (D:11)
  3 dart slugs
  5 giant geckos
  42 orcs
  9 bats
  9 giant cockroaches
  12 goblins
  13 hobgoblins
  13 jackals
  9 kobolds
  2 quokkas
  A ball python (D:3)
  A giant gecko zombie (D:5)
  7 giant newts
  A quokka skeleton (D:4)
  A quokka zombie (D:7)
  10 rats
  A plant (D:11)
408 creatures vanquished.

Vanquished Creatures (others)
  A hydra (Lair:3)
  The ghost of richardnixon the Spear-Bearer, a novice DsGl of Kikubaaqudgha (Lair:1)
  The ghost of Iamsock the Insei, a novice DsFi (D:7)
  An ugly thing (D:10)
  A cyclops (D:10)
  2 elephants (Lair:3)
  A guardian serpent (D:10)
  2 black mambas
  A spiny frog (Lair:2)
  A komodo dragon (D:11)
  An orc warrior (D:7)
  A yak (D:9)
  A hungry ghost (D:10)
  4 swamp worms (D:11)
  A water moccasin (Lair:4)
  4 slaves (D:7)
  A wolf (Lair:3)
  A hound (D:7)
  An orc priest (D:7)
  2 orc wizards
  A sheep (Lair:4)
  A howler monkey skeleton (D:7)
  An orc (D:7)
  A quokka (D:7)
  3 fungi (Lair:3)
  4 plants
40 creatures vanquished.

Grand Total: 448 creatures vanquished

Notes
Turn   | Place    | Note
--------------------------------------------------------------
     0 | Abyss:1  | Gingerlord the Formicid Abyssal Knight began the quest for the Orb.
     0 | Abyss:1  | Reached XP level 1. HP: 18/18 MP: 2/2
    59 | Abyss:1  | Noticed a spatial maelstrom
    61 | Abyss:1  | Noticed a spatial vortex
    62 | Abyss:1  | Noticed a spatial vortex
    64 | Abyss:1  | Noticed a spatial vortex
    65 | Abyss:1  | Noticed a spatial vortex
    66 | D:1      | Escaped the Abyss
   145 | D:1      | Reached * piety under Lugonu
   145 | D:1      | Reached skill level 1 in Dodging
   145 | D:1      | Reached XP level 2. HP: 15/24 MP: 3/3
   548 | D:1      | Reached XP level 3. HP: 13/29 MP: 5/5
   761 | D:1      | Reached skill level 3 in Invocations
   892 | D:1      | Reached XP level 4. HP: 25/36 MP: 6/6
   963 | D:1      | Gained mutation: You are clumsy. (Dex -2) [potion of mutation]
  1264 | D:2      | Reached ** piety under Lugonu
  1395 | D:2      | Found a deep blue altar of Sif Muna.
  1728 | D:3      | Reached XP level 5. HP: 42/42 MP: 7/7
  1790 | D:3      | Noticed rchandra's ghost (amateur OgSu)
  2399 | D:3      | Killed rchandra's ghost
  2399 | D:3      | Reached XP level 6. HP: 32/49 MP: 8/8
  2609 | D:3      | Reached *** piety under Lugonu
  2641 | D:3      | Found a glowing silver altar of Zin.
  2744 | D:3      | Found a shadowy altar of Dithmenos.
  3030 | D:3      | Reached skill level 4 in Invocations
  3506 | D:4      | Noticed Wolfechu's ghost (novice KoMo)
  3570 | D:4      | Found an oddly glowing altar of Pakellas.
  3745 | D:4      | Killed Wolfechu's ghost
  3745 | D:4      | Reached skill level 5 in Fighting
  3745 | D:4      | Reached XP level 7. HP: 14/56 MP: 10/10
  4086 | D:4      | Found a burning altar of Makhleb.
  4088 | D:4      | Found a bloodstained altar of Trog.
  4332 | D:4      | Found a stormy altar of Qazlal.
  4334 | D:4      | Noticed a fire elemental
  4334 | D:4      | Noticed an air elemental
  4335 | D:4      | Noticed a water elemental
  4445 | D:5      | Entered Level 5 of the Dungeon
  4565 | D:5      | HP: 2/56 [phantom (1)]
  4740 | D:4      | Reached XP level 8. HP: 25/63 MP: 11/11
  5111 | D:5      | Found a sparkling altar of Nemelex Xobeh.
  5288 | D:5      | Reached **** piety under Lugonu
  5323 | D:5      | Reached skill level 5 in Invocations
  5436 | D:5      | Found a snail-covered altar of Cheibriados.
  5764 | D:6      | Noticed Bolverk's ghost (novice HOGl)
  6133 | D:6      | Reached skill level 5 in Armour
  6287 | D:6      | Reached skill level 5 in Long Blades
  6418 | D:6      | Reached XP level 9. HP: 49/70 MP: 13/13
  6792 | D:6      | Found a staircase to the Ecumenical Temple.
  6879 | D:6      | Reached skill level 6 in Invocations
  7384 | D:6      | Killed Bolverk's ghost
  7728 | D:6      | Reached skill level 5 in Dodging
  8354 | D:7      | Reached skill level 7 in Invocations
  8638 | D:7      | Reached XP level 10. HP: 52/79 MP: 15/15
  8776 | D:7      | Noticed Pikel
  8861 | D:7      | Noticed Duvessa
  8862 | D:7      | Noticed Dowan
  8888 | D:7      | Killed Duvessa
  8903 | D:7      | Killed Dowan
  9110 | D:7      | Reached ***** piety under Lugonu
  9153 | D:7      | Noticed Iamsock's ghost (novice DsFi)
  9757 | D:7      | Noticed Menkaure
  9965 | D:6      | Killed Pikel
 10075 | D:7      | Reached skill level 8 in Invocations
 10139 | D:7      | Killed Menkaure
 11317 | D:7      | Banished Iamsock's ghost
 11787 | D:8      | You fall through a shaft for 3 floors!
 11933 | D:11     | Found a staircase to the Lair.
 12353 | D:10     | Entered Level 10 of the Dungeon
 12353 | D:10     | Noticed Joseph
 12414 | D:11     | Found Rov Mei's Magic Scroll Shoppe.
 12431 | D:11     | Bought a scroll of brand weapon for 300 gold pieces
 12611 | D:11     | Reached XP level 11. HP: 75/87 MP: 17/17
 14397 | D:9      | Reached skill level 9 in Invocations
 16761 | D:10     | Noticed a cyclops
 17232 | D:10     | Killed Joseph
 17539 | D:10     | Noticed Psyche
 17556 | D:10     | Killed Psyche
 17759 | D:10     | Found a staircase to the Orcish Mines.
 17976 | D:10     | Banished a cyclops
 18845 | D:11     | Noticed a seven-headed hydra
 18859 | D:11     | Banished a seven-headed hydra
 19646 | D:11     | Got a translucent morningstar
 19825 | D:11     | Noticed a red ugly thing
 19829 | D:10     | Banished a red ugly thing
 19829 | D:10     | Reached skill level 10 in Invocations
 19829 | D:10     | Reached XP level 12. HP: 27/97 MP: 19/19
 21302 | Lair:1   | Entered Level 1 of the Lair of Beasts
 21453 | D:11     | Reached skill level 10 in Fighting
 21969 | Lair:1   | Got a pair of heavily runed gloves
 21975 | Lair:1   | Identified the +3 pair of gloves of Satisfaction {rElec rCorr Int+4} (You found it on level 1 of the Lair of Beasts)
 22508 | Lair:1   | Noticed Fannar
 22511 | Lair:1   | Banished Fannar
 22525 | Lair:1   | Noticed richardnixon's ghost (novice DsGl)
 22675 | D:11     | Reached skill level 1 in Shields
 22972 | Lair:1   | Banished richardnixon's ghost
 25438 | Lair:3   | Noticed a five-headed hydra
 25439 | Lair:3   | Banished a five-headed hydra
 25559 | Lair:3   | Reached XP level 13. HP: 27/104 MP: 19/21
 25638 | Lair:3   | Escaped the Abyss
 25671 | Lair:3   | HP: 5/104 [river rat (3)]
 26108 | Lair:3   | Noticed a catoblepas
 26461 | Lair:3   | Reached skill level 11 in Invocations
 26885 | Lair:3   | Reached skill level 10 in Armour
 26930 | Lair:4   | Reached skill level 5 in Shields
 26937 | Lair:4   | HP: 5/105 [poisoned by a water moccasin]
 26939 | Lair:4   | HP: 1/105 [poisoned by a water moccasin]
 26941 | Lair:4   | Succumbed to a water moccasin's poison

Skill      XL: |  1  2  3  4  5  6  7  8  9 10 11 12 13 |
---------------+----------------------------------------+-----
Dodging        | 1 2 3 4 5 6 7 8 |  8.8
Invocations    | 3 4 5 7 8 10 11 | 11.0
Fighting       | 4 5 6 7 8 9 10 | 10.8
Long Blades    | 3 4 5 6 7 8 9 |  9.8
Armour         | 3 4 5 6 7 8 9 10 | 10.0
Shields        | 3 5 |  5.0

Action                   |  1- 3 |  4- 6 |  7- 9 | 10-12 | 13-15 || total
-------------------------+-------+-------+-------+-------+-------++-------
Melee: Falchion          |    80 |   395 |   516 |   467 |       ||  1458
       Long sword        |       |       |       |  1159 |   214 ||  1373
Invok: Depart the Abyss  |     1 |       |       |       |     1 ||     2
       Bend Space        |       |     1 |       |     5 |       ||     6
       Banish            |       |       |       |    22 |     5 ||    27
       Enter the Abyss   |       |       |       |       |     1 ||     1
 Abil: Dig               |       |       |     1 |     8 |     2 ||    11
  Use: Scroll            |       |     6 |     4 |     9 |     5 ||    24
       Potion            |       |     2 |     4 |    12 |     3 ||    21
  Eat: Chunk             |       |     6 |     8 |    16 |     1 ||    31
       Fruit             |       |     2 |       |     1 |       ||     3
       Bread ration      |       |     1 |     1 |     4 |     1 ||     7
       Meat ration       |       |       |     1 |     5 |       ||     6
       Pizza             |       |       |       |     2 |     1 ||     3
       Beef jerky        |       |       |       |     1 |       ||     1
       Royal jelly       |       |       |       |     1 |       ||     1
Armor: Leather armour    |    13 |       |       |       |       ||    13
       Ring mail         |    21 |     5 |       |       |       ||    26
       Chain mail        |       |   321 |   281 |   829 |    80 ||  1511
       Skin              |       |       |       |       |    38 ||    38
Dodge: Dodged            |    57 |   183 |   184 |   973 |   118 ||  1515
Block: Shield            |       |       |       |   155 |   115 ||   270
